 Dungeon Crawl Stone Soup version 0.31.0-1-g2c135a008e (webtiles) character file.

Game seed: 8101060871036868622

90 qw the Shooter (level 4, -1/35 HPs)
             Began as a Djinni Hunter on Jan 23, 2024.
             Slain by Sigmund
             ... wielding a +0 scythe
              (8 damage)
             ... on level 3 of the Dungeon.
             The game lasted 00:00:08 (1705 turns).

qw the Shooter (Djinni Hunter)                      Turns: 1705, Time: 00:00:08

Health: -1/35      AC:  4    Str: 10    XL:     4   Next: 85%
Gold:   73         EV: 13    Int: 10    God:
                   SH:  0    Dex: 19

rFire   + + .        a - +0 shortbow
rCold   x . .        (shield currently unavailable)
rNeg    . . .        b - +2 robe {Will+}
rPois   inf          (no helmet)
rElec   .            (no cloak)
rCorr   .            (no gloves)
SInv    .            (boots unavailable)
Will    +....        (no amulet)
Stlth   ++           (no ring)
HPRegen 0.25/turn    (no ring)
MPRegen 0.00/turn

%: infuse magic (-2 HP)
@: flying
A: sickness immunity, fire resistance 2, cold vulnerability 1, float, innate
caster, HP casting, extra vitality 1, mutation resistance 1, subdued magic 1
a: no special abilities


You were on level 3 of the Dungeon.
You visited 1 branch of the dungeon, and saw 3 of its levels.

You collected 93 gold pieces.
You spent 20 gold pieces at shops.


Innate Abilities, Weirdness & Mutations

You are immune to sickness and miasma.
You are immune to poison.
Your flesh is very heat resistant. (rF++)
You are vulnerable to cold. (rC-)
You float through the air rather than walking.
You learn spells naturally, not from books.
Your magical power is your life essence.
You have superior vitality. (+4 MHP)
You are somewhat resistant to further mutation.
Your spells are a little easier to cast, but a little less powerful.


   Skills:
 - Level 3.0 Fighting
 + Level 4.0 Ranged Weapons
 - Level 1.0 Armour
 - Level 3.0 Dodging
 - Level 0.7 Stealth


You knew the following spells:

 Your Spells              Type           Power      Damage    Failure   Level
a - Magic Dart            Conj           0%         1d3       32%         1
Your spell library was empty.

Inventory:

Hand Weapons
 a - a +0 shortbow (weapon)
Armour
 b - a +2 robe of willpower (worn)
 i - a +2 helmet of see invisible
Scrolls
 d - a scroll of torment {unknown}
 e - a scroll of brand weapon {unknown}
 f - a scroll of vulnerability {unknown}
Potions
 c - a potion of heal wounds
 g - a potion of magic {unknown}
 h - a potion of curing {unknown}

Dungeon Overview and Level Annotations

Branches:
Dungeon (3/15)

Altars:

Shops:
D:2 *

Annotations:
D:3 Sigmund


Message History

You see here 4 stones.
Found a stone staircase leading up.
Enter note: Sigmund the Dreaded comes into view.
He is wielding a +0 scythe.
You shoot an arrow. The arrow hits Sigmund.
Sigmund shouts!
Sigmund is lightly wounded.
You shoot an arrow. The arrow hits Sigmund!
Sigmund is heavily wounded.
You shoot an arrow. The arrow hits Sigmund!
Sigmund is severely wounded.
Sigmund gestures at you while chanting. The puff of flame hits you. You resist.
You shoot an arrow. The arrow closely misses Sigmund.
Sigmund casts a spell at you. The magic dart hits you.
1696 ||| FLEEEEING.
Sigmund casts a spell.
Sigmund flickers and vanishes!
Deactivating autopickup; reactivate with Ctrl-A.
You shoot an arrow.
A puff of flame appears from out of thin air!
The puff of flame hits you. You resist.
You shoot an arrow. You shoot an arrow. You shoot an arrow. You shoot an arrow.
Something hits you!
You shoot an arrow. Something hits you.
You shoot an arrow.
A magic dart appears from out of thin air!
The magic dart hits you!
You shoot an arrow.
You hear some strange, mumbled words.
A puff of flame appears from out of thin air!
The puff of flame hits you. You resist.
You shoot an arrow. Something hits you!
You die...

##......########...#######.##.
##...#.# ###.........#..
#####.# #.......#...# #.#
#............ ###
#......###### ~ ##(##.### ###
.. ###.##.).###..
...#.#######...####.....#
......{.@....#######.....
###......###......##.#...
#.####.# ############## # #.#
#.# #<# ... ... ...


There were no monsters in sight!

Vanquished Creatures
  3 adders
  2 ribbon worms (D:2)
  A dart slug (D:3)
  4 ball pythons
  7 bats
  7 endoplasms
  2 giant cockroaches (D:2)
  A goblin (D:1)
  4 hobgoblins
  4 jackals (D:2)
  3 kobolds
  3 quokkas
  2 frilled lizards
  8 rats
51 creatures vanquished.

Notes
Turn   | Place    | Note
-------+----------+-------------------------------------------
     0 | D:1      | qw the Djinni Hunter began the quest for the Orb.
     0 | D:1      | Reached XP level 1. HP: 18/18 MP: 0/0
     0 | D:1      | 0 ||| qw: Version: 0.3-a-134-g2ba4250
     0 | D:1      | 0 ||| qw: Game counter: 710
     0 | D:1      | 0 ||| qw: Melee chars always use a shield: true
     0 | D:1      | 0 ||| qw: God list: Okawaru
     0 | D:1      | 0 ||| qw: Allow faded altars: false
     0 | D:1      | 0 ||| qw: Do Orc after clearing Dungeon:15 true
     0 | D:1      | 0 ||| qw: Do second Lair branch before Depths: true
     0 | D:1      | 0 ||| qw: Lair rune preference: random
     0 | D:1      | 0 ||| qw: Goals: Normal
     0 | D:1      | 0 ||| PLANNING D:1-11
   125 | D:1      | Reached XP level 2. HP: 23/23 MP: 0/0
   347 | D:1      | Found a faded altar of an unknown god.
   497 | D:1      | 497 ||| UPGRADING to +0 ring mail.
   507 | D:1      | 507 ||| DROPPING +0 leather armour.
   508 | D:1      | 508 ||| UPGRADING to +0 helmet.
   513 | D:1      | 513 ||| READING scroll labelled NUHEFFIRPHO.
   514 | D:1      | 514 ||| READING scroll labelled OLILLUCZUO.
   615 | D:1      | 615 ||| READING scroll labelled ASEN ZYOCO.
   616 | D:1      | 616 ||| DRINKING 2 bubbling dark potions.
   616 | D:1      | Gained mutation: Your flesh is almost immune to the effects
                  | of heat. (rF+++) [potion of mutation]
   617 | D:1      | 617 ||| DRINKING potion of mutation.
   617 | D:1      | Lost mutation: Your flesh is almost immune to the effects
                  | of heat. (rF+++) [potion of mutation]
   617 | D:1      | Gained mutation: Your spells are a little easier to cast,
                  | but a little less powerful. [potion of mutation]
   617 | D:1      | Gained mutation: You have hidden genetic defects. [potion
                  | of mutation]
   618 | D:1      | 618 ||| DROPPING scroll of butterflies.
   657 | D:2      | 657 ||| RETREEEEATING.
   660 | D:2      | 660 ||| RETREEEEATING.
   661 | D:2      | 661 ||| RETREEEEATING.
   680 | D:2      | Reached XP level 3. HP: 17/28 MP: 0/0
   680 | D:2      | Learned a level 1 spell: Magic Dart
   681 | D:2      | Gained mutation: You have terrible hidden genetic defects.
                  | [hidden defects]
   685 | D:2      | Reached skill level 1 in Armour
   685 | D:2      | HP: 6/28 [jackal (2)]
   731 | D:2      | 731 ||| FLEEEEING.
   732 | D:2      | 732 ||| FLEEEEING.
   866 | D:2      | Gained mutation: You are dopey. (Int -2) [hidden defects]
   866 | D:2      | Lost mutation: You have terrible hidden genetic defects.
                  | [hidden defects expressed]
   869 | D:2      | Reached skill level 4 in Ranged Weapons
   875 | D:2      | Gained mutation: You sometimes lose your temper in combat.
                  | [hidden defects]
   903 | D:2      | 903 ||| FLEEEEING.
   904 | D:2      | 904 ||| FLEEEEING.
   943 | D:2      | Found Doewiur's General Store.
   950 | D:2      | 950 ||| SHOPLISTING +2 leather armour of cold resistance
                  | (190 gold, have 53).
   950 | D:2      | 950 ||| BUYING scroll of identify (20 gold).
   950 | D:2      | Bought a scroll of identify for 20 gold pieces
  1033 | D:2      | Reached XP level 4. HP: 34/34 MP: 0/0
  1046 | D:2      | Gained mutation: Armour fits poorly on your strangely
                  | shaped body. [hidden defects]
  1046 | D:2      | Lost mutation: You have hidden genetic defects. [hidden
                  | defects expressed]
  1369 | D:2      | 1369 ||| UPGRADING to +2 robe of willpower.
  1379 | D:2      | 1379 ||| DROPPING +0 ring mail.
  1380 | D:2      | 1380 ||| UPGRADING to +2 helmet of see invisible.
  1390 | D:2      | 1390 ||| DROPPING +0 helmet.
  1391 | D:2      | 1391 ||| READING 2 scrolls of identify.
  1391 | D:2      | 1391 ||| IDENTIFYING fuming purple potion
  1392 | D:2      | 1392 ||| READING scroll of identify.
  1392 | D:2      | 1392 ||| IDENTIFYING ruby potion
  1393 | D:2      | 1393 ||| READING scroll labelled QUTWOU FIDURPHO.
  1397 | D:2      | 1397 ||| DRINKING 2 dark potions.
  1398 | D:2      | 1398 ||| DROPPING potion of berserk rage.
  1399 | D:2      | 1399 ||| DROPPING potion of attraction.
  1420 | D:3      | 1420 ||| STAIRDANCE
  1481 | D:3      | 1481 ||| DRINKING potion of mutation.
  1481 | D:3      | Lost mutation: Armour fits poorly on your strangely shaped
                  | body. [potion of mutation]
  1481 | D:3      | Lost mutation: You are dopey. (Int -2) [potion of mutation]
  1481 | D:3      | Lost mutation: You sometimes lose your temper in combat.
                  | [potion of mutation]
  1481 | D:3      | Gained mutation: Your muscles are strong. (Str +4, Int/Dex
                  | -1) [potion of mutation]
  1481 | D:3      | Gained mutation: You are occasionally teleported next to
                  | monsters. [potion of mutation]
  1481 | D:3      | Gained mutation: You are agile. (Dex +4, Str/Int -1)
                  | [potion of mutation]
  1481 | D:3      | Gained mutation: You have a beak for a mouth. [potion of
                  | mutation]
  1531 | D:3      | 1531 ||| DRINKING 2 potions of mutation.
  1531 | D:3      | Lost mutation: You are agile. (Dex +4, Str/Int -1) [potion
                  | of mutation]
  1531 | D:3      | Lost mutation: Your muscles are strong. (Str +4, Int/Dex
                  | -1) [potion of mutation]
  1531 | D:3      | Lost mutation: You have a beak for a mouth. [potion of
                  | mutation]
  1531 | D:3      | Gained mutation: Your body sometimes deteriorates upon
                  | taking damage. [potion of mutation]
  1532 | D:3      | 1532 ||| DRINKING potion of mutation.
  1532 | D:3      | Lost mutation: You are occasionally teleported next to
                  | monsters. [potion of mutation]
  1532 | D:3      | Lost mutation: Your body sometimes deteriorates upon taking
                  | damage. [potion of mutation]
  1532 | D:3      | Gained mutation: You are somewhat resistant to further
                  | mutation. [potion of mutation]
  1606 | D:3      | Reached skill level 3 in Dodging
  1614 | D:3      | Reached skill level 3 in Fighting
  1691 | D:3      | Noticed Sigmund
  1696 | D:3      | 1696 ||| FLEEEEING.
  1704 | D:3      | HP: 6/35 [something/puff of flame (3)]
  1705 | D:3      | Slain by Sigmund

Levels and vault maps discovered:
D:1:      scummos_arrival_hexagon, layout_rooms,
          shapermc_ecumenical_altar_rom_forum, serial_aquarium,
          aquarium_bridge_square [aquarium_subvault_bridge,
          aquarium_subvault_bridge, aquarium_subvault_wall,
          aquarium_subvault_window], aquarium_window_2, aquarium_window_1,
          aquarium_window_1, aquarium_window_3, aquarium_view_2c,
          aquarium_view_4, aquarium_balcony_3b
D:2:      layout_rooms, serial_shops, shop, kennysheep_generic_room_7
D:3:      minmay_door_path, layout_rooms, moated_statue, uniq_sigmund

Skill      XL: |  1  2  3  4 |
---------------+-------------+-----
Armour         | 1 |  1.0
Ranged Weapons | 4 |  4.0
Dodging        | 3 |  3.0
Fighting       | 3 |  3.0
Stealth        | |  0.7

Action                     |  1- 3 |  4- 6 || total
---------------------------+-------+-------++-------
   Fire: Shortbow          |    93 |    80 ||   173
    Use: Scroll            |     3 |     3 ||     6
         Potion            |     2 |     4 ||     6
 Armour: Ring mail         |    62 |    13 ||    75
         Leather armour    |     1 |       ||     1
         Robe              |       |    14 ||    14
  Dodge: Dodged            |    62 |    18 ||    80

Table legend:
 A = Non-vault XP
 B = Vault XP
 C = Vault XP percentage of total XP
 D = Non-vault monster count
 E = Vault monster count
 F = Vault count percentage of total count
                 A         B        C        D         E       F
            +---------+---------+-------+---------+---------+-------
      Total |     128 |       1 |   0.8 |      50 |       1 |   2.0
            +---------+---------+-------+---------+---------+-------
        D:1 |      21 |       0 |   0.0 |      13 |       0 |   0.0
        D:2 |      70 |       1 |   1.4 |      30 |       1 |   3.2
        D:3 |      37 |       0 |   0.0 |       7 |       0 |   0.0
            +---------+---------+-------+---------+---------+-------
